[Event "Team 45 45 League T59"]
[Site "Internet Chess Club"]
[Date "2013.12.01"]
[Round "2"]
[White "SlimeDog2"]
[Black "Bluecat"]
[Result "0-1"]
[WhiteElo "2002"]
[BlackElo "1993"]
[Opening "QGD Slav: 4.e3 Bf5"]
[ECO "D12"]
[Time "15:01:28"]
[TimeControl "2700+45"]

1. d4 d5 2. Nf3 Nf6 3. c4 c6 4. e3 Bf5 5. Nc3 e6 6. Nh4 Be4 7. f3 Bg6 8. Nxg6
hxg6 9. Bd3 Bd6 10. f4 Nbd7 11. O-O g5 12. c5 Bc7 13. b4 Qe7 14. b5 gxf4 15.
exf4 Nxc5 16. bxc6 bxc6 17. Ba3 Bd6 18. Bxc5 Bxc5 19. Qa4 O-O 20. Ne2 Bb6 21.
Qxc6 e5 22. fxe5 Qxe5 23. Rad1 Ng4 24. g3 Bxd4+ 25. Nxd4 Qxd4+ 26. Kg2 Ne3+
{White resigns} 0-1

[Event "Team 45 45 League T59"]
[Site "Internet Chess Club"]
[Date "2013.11.30"]
[Round "2"]
[White "Agarnez"]
[Black "jt2000"]
[Result "0-1"]
[WhiteElo "1912"]
[BlackElo "1917"]
[Opening "QGD Slav defense"]
[ECO "D10"]
[Time "17:03:29"]
[TimeControl "2700+45"]

1. d4 d5 2. c4 c6 3. Qc2 Nf6 4. e3 e6 5. Nc3 Bd6 6. Nf3 O-O 7. Bd3 dxc4 8. Bxc4
b5 9. Bd3 Bb7 10. e4 Bc7 11. Bg5 h6 12. Bh4 g5 13. Bg3 a6 14. Rd1 Nbd7 15. b4 a5
16. a3 Nh5 17. Bxc7 Qxc7 18. Nxb5 Qb6 19. Nd6 axb4 20. O-O b3 21. Qc3 c5 22. Nc4
Qc7 23. Qxb3 cxd4 24. Nxd4 Nc5 25. Qb4 Nxd3 26. Rxd3 Bxe4 27. Re3 Bb7 28. Nd6
Ba6 29. Rc3 Qd7 30. Rfc1 Rab8 31. Qc5 Rfd8 32. Nc6 Rb5 33. Qe3 Qxd6 34. Nxd8
Qxd8 35. Qa7 Bb7 36. Rc5 Rxc5 37. Qxc5 Nf4 38. Qb5 Bxg2 39. Rb1 Kh7 40. h4 gxh4
41. Qe5 Qg5 42. Qxg5 hxg5 43. a4 h3 44. a5 Nd3 45. a6 Ne5 46. Kh2 Ng4+ 47. Kg3
Ne5 48. a7 f5 49. f4 gxf4+ 50. Kxf4 h2 {White resigns} 0-1

[Event "Team 45 45 League T59"]
[Site "Internet Chess Club"]
[Date "2013.11.29"]
[Round "2"]
[White "sharky123"]
[Black "WillC"]
[Result "1-0"]
[WhiteElo "1723"]
[BlackElo "1647"]
[Opening "French: Steinitz, Boleslavsky variation"]
[ECO "C11"]
[Time "18:07:01"]
[TimeControl "2700+45"]

1. e4 e6 2. d4 d5 3. Nc3 Nf6 4. e5 Nfd7 5. f4 c5 6. Nf3 Nc6 7. Be3 Qb6 8. Na4
Qa5+ 9. c3 c4 10. b4 cxb3 11. axb3 Qc7 12. Bd3 a6 13. O-O Na7 14. f5 Nb6 15.
Nxb6 Qxb6 16. fxe6 Bxe6 17. Ng5 Be7 18. Nxe6 fxe6 19. c4 O-O-O 20. Rf7 Nc6 21.
cxd5 exd5 22. Rxg7 Bf8 23. Rxh7 Rxh7 24. Bxh7 Nxe5 25. Bg5 Re8 26. Kh1 Nf7 27.
Qh5 Qxd4 28. Rc1+ Kb8 29. Qxf7 Qe5 30. Bf4 {Black resigns} 1-0

[Event "Team 45 45 League T59"]
[Site "Internet Chess Club"]
[Date "2013.12.01"]
[Round "2"]
[White "Innes"]
[Black "Warpdrive"]
[Result "0-1"]
[WhiteElo "1697"]
[BlackElo "1691"]
[Opening "Caro-Kann: classical variation"]
[ECO "B19"]
[Time "20:02:36"]
[TimeControl "2700+45"]

1. e4 c6 2. d4 d5 3. Nc3 dxe4 4. Nxe4 Bf5 5. Ng3 Bg6 6. Nf3 h6 7. h4 e6 8. h5
Bh7 9. Bd3 Bxd3 10. Qxd3 Bd6 11. Ne4 Nf6 12. Bd2 Nxe4 13. Qxe4 Nd7 14. O-O-O Nf6
15. Qe2 Qc7 16. Ne5 a5 17. f4 a4 18. f5 Qe7 19. Qc4 exf5 20. Rhe1 Qc7 21. g4 O-O
22. g5 hxg5 23. Bxg5 Nd5 24. h6 g6 25. h7+ Kh8 26. Bh6 Rfe8 27. Rh1 Bf8 28. Bxf8
Rxf8 29. Rdg1 Qd6 30. Qf1 c5 31. Rh6 cxd4 32. Nxg6+ fxg6 33. Rhxg6 Qf4+ 34. Qxf4
Nxf4 35. Rg7 Ne2+ 36. Kd2 Nxg1 37. Rxg1 Kxh7 38. Kd3 Rad8 39. Re1 Rfe8 40. Rf1
Kg6 41. Rg1+ Kf6 42. Rh1 f4 43. Rh6+ Kg5 44. Rb6 f3 45. Rxb7 f2 46. Rf7 Rf8 47.
Rxf8 Rxf8 48. Kxd4 f1=Q 49. c4 Qf2+ 50. Kd5 Qxb2 51. c5 Qxa2+ 52. Kd6 Qd2+ 53.
Kc6 a3 54. Kc7 a2 55. c6 a1=Q 56. Kb7 Qa8+ 57. Kb6 Qb4+ 58. Kc7 Qc8# {White
checkmated} 0-1

[Event "Team 45 45 League T59"]
[Site "Internet Chess Club"]
[Date "2013.12.01"]
[Round "2"]
[White "zigzag2002"]
[Black "Grebochess"]
[Result "1-0"]
[WhiteElo "2038"]
[BlackElo "1618"]
[Opening "French: Fort Knox variation"]
[ECO "C03"]
[Time "11:40:29"]
[TimeControl "2700+45"]

1. e4 e6 2. d4 d5 3. Nd2 dxe4 4. Nxe4 Bd7 5. Nf3 Bc6 6. Bd3 Nd7 7. O-O Ngf6 8.
Ng3 Be7 9. Re1 O-O 10. Ne5 Nxe5 11. dxe5 Qd5 12. f3 Bc5+ 13. Kh1 Nd7 14. c4 Qd4
15. Qc2 Nxe5 16. Bxh7+ Kh8 17. Be3 Qd6 18. Rad1 Qe7 19. Bxc5 Qxc5 20. b4 Qxc4
21. Rxe5 Qxc2 22. Bxc2 g6 23. Re3 {Black resigns} 1-0

[Event "Team 45 45 League T59"]
[Site "Internet Chess Club"]
[Date "2013.11.29"]
[Round "2"]
[White "chessfreak2001"]
[Black "ausya"]
[Result "0-1"]
[WhiteElo "1698"]
[BlackElo "1768"]
[Opening "Sicilian: dragon, classical, Nottingham variation"]
[ECO "B34"]
[Time "10:00:55"]
[TimeControl "2700+45"]

1. e4 c5 2. Nf3 g6 3. d4 cxd4 4. Nxd4 Nc6 5. Be2 Bg7 6. Nb3 Nf6 7. Nc3 d6 8. Be3
O-O 9. f3 Be6 10. O-O a5 11. Qd2 a4 12. Nd4 Nxd4 13. Bxd4 Nd7 14. Be3 Ne5 15. f4
Nc4 16. Qc1 Qa5 17. Bd2 Qb6+ 18. Kh1 Nxd2 19. Qxd2 Qxb2 20. Nb5 Rfc8 21. Rfc1
Bxa2 22. Qd1 Bc4 23. Bxc4 Rxc4 24. Na3 Rxe4 25. Rcb1 Qc3 26. Ra2 Rb4 27. Rxb4
Qxb4 28. Qd3 Qe1+ 29. Qf1 Qxf1# {White checkmated} 0-1

[Event "Team 45 45 League T59"]
[Site "Internet Chess Club"]
[Date "2013.11.27"]
[Round "2"]
[White "anna"]
[Black "hood"]
[Result "1-0"]
[WhiteElo "1804"]
[BlackElo "1845"]
[Opening "Giuoco Piano: Greco variation"]
[ECO "C54"]
[Time "12:30:29"]
[TimeControl "2700+45"]

1. e4 e5 2. Nf3 Nc6 3. Bc4 Bc5 4. c3 Nf6 5. d4 exd4 6. cxd4 Bb4+ 7. Nc3 Nxe4 8.
O-O Nxc3 9. bxc3 Bxc3 10. Qb3 Bxa1 11. Bxf7+ Kf8 12. Bg5 Ne7 13. Re1 h6 14. Bh5
d5 15. Bxe7+ Qxe7 16. Rxe7 Kxe7 17. Qxd5 Rd8 18. Qe5+ Be6 19. Bg4 Rd6 20. Qxg7+
Bf7 21. Ne5 Rf8 22. Bh5 Rxd4 23. Ng6+ Ke6 24. Nxf8+ Kd6 25. Qxf7 {Black resigns}
1-0

[Event "Team 45 45 League T59"]
[Site "Internet Chess Club"]
[Date "2013.11.28"]
[Round "2"]
[White "DouDou"]
[Black "vjbaker"]
[Result "1-0"]
[WhiteElo "1877"]
[BlackElo "1707"]
[Opening "Sicilian: accelerated fianchetto, modern variation"]
[ECO "B34"]
[Time "17:00:10"]
[TimeControl "2700+45"]

1. e4 c5 2. Nf3 Nc6 3. d4 cxd4 4. Nxd4 g6 5. Nc3 Bg7 6. Be3 Nf6 7. f3 O-O 8. Qd2
Re8 9. Bc4 b6 10. O-O-O Bb7 11. h4 Ne5 12. Bb3 Rc8 13. g4 Nc4 14. Bxc4 Rxc4 15.
h5 d5 16. exd5 Nxd5 17. Nxd5 Qxd5 18. hxg6 fxg6 19. Qh2 h6 20. Nf5 Bxb2+ 21.
Kxb2 Qb5+ 22. Ka1 gxf5 23. gxf5 Bxf3 24. Qg3+ Bg4 25. Bd4 Qxf5 26. Rdf1 Qg5 27.
Rf4 Bf5 28. Qf3 Rxd4 29. Rxd4 e5 30. Rdd1 e4 31. Qb3+ Be6 32. Qb2 e3 33. Rhg1
Bg4 34. Qb3+ Re6 35. Rd4 e2 36. Rdxg4 e1=Q+ 37. Rxe1 Qxg4 38. Rxe6 Qd1+ 39. Kb2
Qd4+ 40. c3 Qf2+ 41. Re2+ Qf7 42. Rg2+ Kf8 43. Qb4+ Ke8 44. Re2+ Kd7 45. Qb5+
Kc7 46. Qe5+ Kd8 47. Qb8+ Kd7 48. Qxa7+ Kc6 49. Qxf7 h5 50. Re5 h4 51. Qf6+ Kb7
52. Re7+ Ka6 53. Qf1+ b5 54. Qf6+ Ka5 55. Ra7# {Black checkmated} 1-0

[Event "Team 45 45 League T59"]
[Site "Internet Chess Club"]
[Date "2013.12.01"]
[Round "2"]
[White "Cryptochess"]
[Black "kyoroogi"]
[Result "0-1"]
[WhiteElo "2094"]
[BlackElo "2164"]
[Opening "English: closed, Taimanov variation"]
[ECO "A25"]
[Time "18:00:31"]
[TimeControl "2700+45"]

1. c4 e5 2. Nc3 Nc6 3. g3 g6 4. Bg2 Bg7 5. e3 d6 6. Nge2 Nh6 7. O-O O-O 8. Rb1
a5 9. a3 Bf5 10. d3 Qd7 11. Re1 Bh3 12. Bh1 Ng4 13. Nd5 Nf6 14. Nec3 Nxd5 15.
Nxd5 Nd8 16. b4 axb4 17. axb4 Ra7 18. Bb2 Ne6 19. Qc2 f5 20. f4 g5 21. Qf2 c6
22. e4 Ra2 23. Nc3 Rxb2 24. Qxb2 exf4 25. Bg2 Bd4+ 26. Kh1 Bxg2+ 27. Kxg2 fxg3
28. hxg3 f4 29. Rf1 Qg7 30. Rbc1 g4 31. Rh1 fxg3 32. Rhe1 {White resigns} 0-1

[Event "Team 45 45 League T59"]
[Site "Internet Chess Club"]
[Date "2013.12.02"]
[Round "2"]
[White "rubo"]
[Black "MrShaw"]
[Result "0-1"]
[WhiteElo "1644"]
[BlackElo "1908"]
[Opening "Bird's opening"]
[ECO "A02"]
[Time "14:30:31"]
[TimeControl "2700+45"]

1. f4 Nf6 2. Nf3 g6 3. b3 Bg7 4. Bb2 O-O 5. e3 d5 6. Be2 c5 7. O-O Nc6 8. Ne5
Qc7 9. Na3 a6 10. Qc1 b5 11. Nxc6 Qxc6 12. Bf3 Qd7 13. c4 b4 14. Nc2 Bb7 15. d3
dxc4 16. dxc4 Bxf3 17. gxf3 Rfd8 18. Rd1 Qh3 19. Rxd8+ Rxd8 20. Ne1 Qd7 21. Qc2
Qd2 22. Qxd2 Rxd2 23. Be5 Ne8 24. Bxg7 Nxg7 25. e4 Ne6 26. Ng2 Nd4 27. Nh4 Ne2+
28. Kf2 Nxf4+ 29. Ke3 Rxh2 30. Kxf4 Rxh4+ 31. Kg3 Rh5 32. a3 a5 33. axb4 axb4
34. f4 e5 35. fxe5 Rxe5 36. Kf4 Re6 37. Ra8+ Kg7 38. Rc8 Ra6 39. Rxc5 Ra3 40.
Rc8 Rxb3 41. Rb8 h5 42. c5 Rc3 43. Rxb4 Rxc5 44. e5 h4 45. Kg4 Rxe5 46. Kxh4 Kf6
47. Kg4 Rc5 48. Kf4 Rc6 49. Re4 g5+ 50. Kg4 Kg6 51. Re8 Rc4+ 52. Kg3 Kf5 53. Re7
f6 54. Re3 Kg6 55. Re8 Rc3+ 56. Kg2 Kf5 57. Re2 g4 58. Rf2+ Kg5 59. Ra2 f5 60.
Ra5 Rf3 61. Rb5 Kh4 62. Rb8 Rg3+ 63. Kh2 Ra3 64. Rh8+ Kg5 65. Rb8 Ra2+ 66. Kg1
Kh4 67. Rb1 f4 68. Rf1 Kg3 69. Kh1 f3 70. Rg1+ Kh3 71. Rf1 Rh2+ 72. Kg1 Kg3 73.
Rd1 f2+ 74. Kf1 Rh1+ {White resigns} 0-1

[Event "Team 45 45 League T59"]
[Site "Internet Chess Club"]
[Date "2013.11.28"]
[Round "2"]
[White "f5"]
[Black "universe"]
[Result "0-1"]
[WhiteElo "2163"]
[BlackElo "2266"]
[Opening "Scotch: Schmidt variation"]
[ECO "C45"]
[Time "14:01:23"]
[TimeControl "2700+45"]

1. e4 e5 2. Nf3 Nc6 3. d4 exd4 4. Nxd4 Nf6 5. Nxc6 bxc6 6. Nc3 Bb4 7. Bd3 O-O 8.
O-O Re8 9. Bg5 h6 10. Bh4 Rb8 11. Qf3 d6 12. Bxf6 Qxf6 13. Qxf6 gxf6 14. Ne2 d5
15. Ng3 Bd6 16. exd5 cxd5 17. b3 Bb4 18. Rad1 c6 19. h3 Re5 20. f4 Re3 21. Nh5
f5 22. Kh2 Kh7 23. g4 Kg8 24. gxf5 Bc3 25. Rg1+ Kf8 26. Rg3 Rxg3 27. Nxg3 Bd7
28. Ne2 Bf6 29. Ng1 Re8 30. Nf3 Bc3 31. Kg3 Kg7 32. Nh2 h5 33. Kf3 Kf6 34. Nf1
Rg8 35. Ng3 h4 36. Ne2 Ba5 37. c4 Bb6 38. Bb1 Re8 39. Nd4 Bxd4 40. Rxd4 c5 41.
Rd2 d4 42. b4 Re3+ 43. Kg4 d3 44. Bxd3 Rxd3 45. Rxd3 Bxf5+ 46. Kxh4 Bxd3 47.
bxc5 Bxc4 48. a3 Bd5 49. Kg4 Be4 50. h4 Bf5+ 51. Kh5 Kg7 52. c6 f6 53. c7 a6
{White resigns} 0-1

[Event "Team 45 45 League T59"]
[Site "Internet Chess Club"]
[Date "2013.12.02"]
[Round "2"]
[White "SaltofLife"]
[Black "koni"]
[Result "0-1"]
[WhiteElo "1901"]
[BlackElo "1927"]
[Opening "Pirc: Sveshnikov system"]
[ECO "B07"]
[Time "03:00:31"]
[TimeControl "2700+45"]

1. d4 d6 2. e4 Nf6 3. Nc3 g6 4. g3 Bg7 5. Bg2 O-O 6. Nge2 e5 7. h3 c6 8. a4 exd4
9. Nxd4 Na6 10. O-O Nb4 11. a5 Re8 12. Ra4 c5 13. Ndb5 d5 14. exd5 Bf5 15. d6
Bxc2 16. Qd2 Bxa4 17. Nxa4 Qxa5 18. Nac3 Rab8 19. b3 Qb6 20. Rd1 Red8 21. Qe2 a6
22. Na3 Rxd6 23. Rxd6 Qxd6 24. Bf4 Qd8 25. Bxb8 Qxb8 26. Qe7 b6 27. Nc4 b5 28.
Nd6 Qf8 29. Qd7 Nxd7 {White resigns} 0-1

[Event "Team 45 45 League T59"]
[Site "Internet Chess Club"]
[Date "2013.12.01"]
[Round "2"]
[White "poni"]
[Black "fledermaus"]
[Result "1/2-1/2"]
[WhiteElo "1868"]
[BlackElo "1877"]
[Opening "Sicilian defense"]
[ECO "B40"]
[Time "12:13:48"]
[TimeControl "2700+45"]

1. e4 c5 2. Nf3 e6 3. d3 Nc6 4. g3 d6 5. Bg2 Nf6 6. O-O Be7 7. c3 O-O 8. Re1 Qc7
9. d4 e5 10. d5 Na5 11. Nbd2 c4 12. Qc2 b6 13. b4 cxb3 14. axb3 Nh5 15. c4 f5
16. b4 Nb7 17. exf5 Bxf5 18. Ne4 a5 19. Ba3 axb4 20. Bxb4 Nc5 21. Bxc5 bxc5 22.
Qe2 Bxe4 23. Qxe4 Nf6 24. Qc2 Nd7 25. Nd2 Ra5 26. Be4 Nf6 27. Bf5 Rfa8 28. Rxa5
Rxa5 29. Ne4 g6 30. Be6+ Kg7 31. Nxf6 Bxf6 32. Rb1 e4 33. Qxe4 Bd4 34. Re1 Ra2
35. Re2 Rxe2 36. Qxe2 Qa5 37. Bd7 Qa1+ 38. Kg2 Bf6 39. h4 Qe5 40. Qf3 Qc3 41.
Qe2 Qe5 42. Qc2 Qb2 43. Qxb2 Bxb2 44. h5 g5 45. Kh3 h6 46. Kg4 Kf6 47. f4 gxf4
48. gxf4 Bc1 49. Kf3 Bd2 50. Ke4 Bc1 51. Be8 Bd2 52. Bg6 Bc1 53. Be8 {Game drawn
by mutual agreement} 1/2-1/2

[Event "Team 45 45 League T59"]
[Site "Internet Chess Club"]
[Date "2013.11.29"]
[Round "2"]
[White "fishhead"]
[Black "nurmi"]
[Result "0-1"]
[WhiteElo "1812"]
[BlackElo "2064"]
[Opening "Ruy Lopez: Wormald (Alapin) attack"]
[ECO "C77"]
[Time "16:00:51"]
[TimeControl "2700+45"]

1. e4 e5 2. Nf3 Nc6 3. Bb5 a6 4. Ba4 Nf6 5. Qe2 d6 6. c3 Bg4 7. h3 Bh5 8. O-O
Be7 9. d3 O-O 10. g4 Bg6 11. Nh4 b5 12. Bb3 Na5 13. Nxg6 hxg6 14. Bc2 Nd7 15. b4
Nb7 16. d4 Bg5 17. f4 Bxf4 18. Bxf4 exf4 19. Rxf4 Qg5 20. Qf2 Rae8 21. Nd2 Nd8
22. Rf1 f6 23. h4 Qh6 24. Qg3 Ne6 25. R4f2 g5 26. Nf3 gxh4 27. Nxh4 Ng5 28. Nf5
Qh3 29. Rh2 Qxg3+ 30. Nxg3 g6 31. e5 Kg7 32. exf6+ Rxf6 33. Re2 Rxe2 34. Nxe2
Re6 35. Nf4 Re3 36. Nd5 Re2 37. Rf2 Nh3+ {White resigns} 0-1

[Event "Team 45 45 League T59"]
[Site "Internet Chess Club"]
[Date "2013.11.27"]
[Round "2"]
[White "gump12345"]
[Black "yummy2"]
[Result "0-1"]
[WhiteElo "2112"]
[BlackElo "2351"]
[Opening "Inverted Hungarian"]
[ECO "C44"]
[Time "16:02:17"]
[TimeControl "2700+45"]

1. e4 e5 2. Nf3 Nc6 3. Be2 g6 4. Nc3 Bg7 5. O-O Nge7 6. d3 O-O 7. Be3 d5 8. exd5
Nxd5 9. Nxd5 Qxd5 10. c3 Bf5 11. Qd2 Rad8 12. Rfd1 a5 13. a4 Rfe8 14. Qc2 b6 15.
Ng5 h6 16. Ne4 g5 17. Bf3 Qe6 18. h3 Bg6 19. Ng3 Ne7 20. Be2 Nd5 21. Re1 c5 22.
Rad1 f5 23. Bc1 Nf6 24. Bf1 Qf7 25. f3 Kh8 26. Kh1 Ng8 27. b3 Qc7 28. Qf2 Ne7
29. Bd2 Bf7 30. Rb1 Qd6 31. Red1 Ra8 32. Bc1 Be6 33. Nh5 Bf8 34. h4 Bf7 35. g4
Nd5 36. Bd2 f4 37. d4 cxd4 38. cxd4 e4 39. fxe4 Rxe4 40. Re1 Rae8 41. Bg2 Rxe1+
42. Rxe1 Rxe1+ 43. Qxe1 Qe6 44. Qe5+ Qxe5 45. dxe5 Nc7 46. hxg5 hxg5 47. Bc3 Be6
48. Bf3 Bb4 49. Bb2 Kg8 50. Nf6+ Kf7 51. Ne4 Kg6 52. Bd4 Bxb3 53. Bxb6 Ne6 54.
Nd6 Bxa4 55. Nc4 Bc3 56. Bxa5 Bxa5 57. Nxa5 Nd4 58. Be4+ Kf7 59. Kg2 Ke6 60. Bb7
Bb5 61. Kf2 Kxe5 62. Bg2 Be2 63. Nc6+ Nxc6 64. Kxe2 Nd4+ 65. Kd3 Nb5 66. Bc6 Nd6
67. Bf3 Nf7 68. Bd1 Nd8 69. Bf3 Ne6 70. Bg2 Nc5+ 71. Kc4 Ne4 72. Bh1 f3 73. Kd3
Kf4 {White resigns} 0-1

[Event "Team 45 45 League T59"]
[Site "Internet Chess Club"]
[Date "2013.11.23"]
[Round "2"]
[White "chess9793"]
[Black "xwang1"]
[Result "1/2-1/2"]
[WhiteElo "2095"]
[BlackElo "2124"]
[Opening "Ruy Lopez: Berlin defense, open variation"]
[ECO "C67"]
[Time "16:01:47"]
[TimeControl "2700+45"]

1. e4 e5 2. Nf3 Nc6 3. Bb5 Nf6 4. O-O Nxe4 5. d4 Nd6 6. Bxc6 dxc6 7. dxe5 Nf5 8.
Qxd8+ Kxd8 9. Nc3 Ke8 10. h3 Ne7 11. Re1 Ng6 12. Bd2 h6 13. Rad1 Be7 14. Nd4 a5
15. a3 a4 16. e6 Bf6 17. Bc1 fxe6 18. Nxe6 Bxe6 19. Rxe6+ Kf7 20. Ree1 Rhd8 21.
Rxd8 Bxd8 22. g3 Bf6 23. Ne4 Re8 24. Kf1 Bd4 25. f4 b6 26. Kg2 Nf8 27. Kf3 Ne6
28. Rd1 Bf6 29. Nxf6 Kxf6 30. Be3 c5 31. g4 Rd8 32. Rxd8 Nxd8 33. Ke4 c6 34. h4
g6 35. Bd2 Nf7 36. Bc3+ Ke6 37. Be5 Nxe5 38. fxe5 g5 39. h5 c4 40. Kd4 c5+ 41.
Ke4 b5 42. c3 b4 43. Ke3 Kxe5 44. Kf3 b3 {Game drawn by mutual agreement}
1/2-1/2

[Event "Team 45 45 League T59"]
[Site "Internet Chess Club"]
[Date "2013.11.28"]
[Round "2"]
[White "Happybear"]
[Black "CuatroPrincesas"]
[Result "0-1"]
[WhiteElo "1871"]
[BlackElo "2164"]
[Opening "Sicilian: closed, 6.Be3"]
[ECO "B26"]
[Time "16:01:28"]
[TimeControl "2700+45"]

1. e4 c5 2. Nc3 d6 3. g3 Nc6 4. Bg2 g6 5. d3 Bg7 6. Be3 e5 7. Qd2 Be6 8. Nge2
Nd4 9. h3 Ne7 10. f4 Nxe2 11. Qxe2 exf4 12. Bxf4 Nc6 13. O-O O-O 14. Rae1 Rb8
15. Qd2 Nd4 16. e5 dxe5 17. Bxe5 Bxe5 18. Rxe5 Qd6 19. Re3 Nf5 20. Ne4 Qd4 21.
Rxf5 Bxf5 22. c3 Qe5 23. d4 cxd4 24. cxd4 Qe7 25. Nc5 Qc7 26. g4 Bc8 27. Ne4 f5
28. Ng5 Qd8 29. Re5 fxg4 30. Bd5+ Kh8 31. Qe3 Bf5 32. Nxh7 Qh4 33. Ng5 gxh3 34.
Re7 h2+ 35. Kh1 Be4+ 36. Nf3 Rxf3 {White resigns} 0-1

[Event "Team 45 45 League T59"]
[Site "Internet Chess Club"]
[Date "2013.12.01"]
[Round "2"]
[White "Matusalen"]
[Black "ARuperez"]
[Result "1/2-1/2"]
[WhiteElo "2194"]
[BlackElo "2184"]
[Opening "English opening"]
[ECO "A30"]
[Time "09:02:41"]
[TimeControl "2700+45"]

1. Nf3 Nf6 2. c4 c5 3. Nc3 g6 4. g3 Bg7 5. Bg2 O-O 6. d4 cxd4 7. Qxd4 Nc6 8. Qh4
d6 9. O-O Be6 10. Ng5 Bf5 11. Nd5 h6 12. Nf3 g5 13. Nxg5 hxg5 14. Bxg5 Ne5 15.
Qf4 e6 16. Nxf6+ Bxf6 17. Bxf6 Qxf6 18. e4 Ng6 19. Qh6 Bg4 20. f3 Bxf3 21. Bxf3
Qxb2 {Game drawn by mutual agreement} 1/2-1/2

[Event "Team 45 45 League T59"]
[Site "Internet Chess Club"]
[Date "2013.12.03"]
[Round "2"]
[White "BigPun21"]
[Black "Jack-ONeill"]
[Result "1-0"]
[WhiteElo "2213"]
[BlackElo "2072"]
[Opening "Four knights: Belgrade gambit"]
[ECO "C47"]
[Time "12:01:36"]
[TimeControl "2700+45"]

1. e4 e5 2. Nf3 Nf6 3. Nc3 Nc6 4. d4 exd4 5. Nd5 Be7 6. Bc4 O-O 7. O-O d6 8.
Nxd4 Nxd4 9. Qxd4 Nxd5 10. Bxd5 Bf6 11. Qd3 c6 12. Bb3 Be6 13. c3 Bxb3 14. axb3
Qe7 15. Rd1 Rfe8 16. f3 d5 17. exd5 Qc5+ 18. Kf1 cxd5 19. b4 Qc7 20. g3 h5 21.
Qxd5 Rad8 22. Bf4 Qc8 23. Qxh5 Qc4+ 24. Kg1 Qe2 25. Rdb1 Rd3 26. Re1 Qxe1+ 27.
Rxe1 Rxe1+ 28. Kg2 Re2+ 29. Kh3 Rxb2 30. Qb5 Rxc3 31. Qe8+ Kh7 32. Qxf7 Rxb4 33.
Bd2 Rcb3 34. Bxb4 Rxb4 35. g4 Rb5 36. f4 a5 37. g5 {Black resigns} 1-0

[Event "Team 45 45 League T59"]
[Site "Internet Chess Club"]
[Date "2013.12.02"]
[Round "2"]
[White "Ptzz"]
[Black "Emancipator"]
[Result "0-1"]
[WhiteElo "2084"]
[BlackElo "2322"]
[Opening "Nimzo-Indian: classical variation"]
[ECO "E32"]
[Time "08:13:25"]
[TimeControl "2700+45"]

1. d4 Nf6 2. c4 e6 3. Nc3 Bb4 4. Qc2 O-O 5. e4 d5 6. e5 Ne4 7. Bd3 c5 8. cxd5
exd5 9. Ne2 cxd4 10. Nxd4 Nd7 11. f4 Qh4+ 12. g3 Qh3 13. Bd2 Bxc3 14. Bxc3 Ndc5
15. Bf1 Qh6 16. O-O-O Bg4 17. Re1 Rfc8 18. Re3 Ne6 19. Nxe6 fxe6 20. Qa4 Nxc3
21. bxc3 Bf5 22. h3 a6 23. Qd4 g6 24. Rg1 Qf8 25. Kb2 Rc5 26. g4 Be4 27. f5 Rac8
28. Rgg3 Ra5 29. Qb4 Qxb4+ 30. cxb4 Rc2+ 31. Kb3 Raxa2 32. Rxe4 dxe4 33. Bc4
Rcb2+ 34. Kc3 Ra3+ 35. Kxb2 Rxg3 36. Bxe6+ Kf8 37. f6 e3 38. Kc2 e2 39. Kd2 Re3
{White resigns} 0-1

[Event "Team 45 45 League T59"]
[Site "Internet Chess Club"]
[Date "2013.11.30"]
[Round "2"]
[White "Epcot"]
[Black "Atwode"]
[Result "1-0"]
[WhiteElo "2101"]
[BlackElo "1871"]
[Opening "Old Indian defense"]
[ECO "A42"]
[Time "10:14:58"]
[TimeControl "2700+45"]

1. d4 d6 2. c4 e5 3. Nf3 e4 4. Nfd2 f5 5. g3 c6 6. Bg2 Nf6 7. b3 d5 8. Qc2 Bd6
9. Ba3 O-O 10. Bxd6 Qxd6 11. Nc3 Be6 12. cxd5 Bxd5 13. O-O Nbd7 14. e3 Rac8 15.
Qb2 a6 16. Rfd1 Qe6 17. Rac1 c5 18. Bf1 cxd4 19. Nxd5 Nxd5 20. Qxd4 N7f6 21. a4
Rxc1 22. Rxc1 Rc8 23. Rd1 Kf8 24. Bc4 Qd6 25. Nxe4 fxe4 26. Bxd5 Nxd5 27. Qxd5
Qxd5 28. Rxd5 Rc3 29. Rd4 Rxb3 30. Rxe4 b5 31. axb5 axb5 32. Re6 Rb1+ 33. Kg2 b4
34. Rb6 b3 35. h4 b2 36. Kf3 Ke7 37. e4 Kd7 38. Kf4 Kc7 39. Rb3 Kc6 40. e5 Kd5
41. Kf5 Kc4 42. Rb7 Kc3 43. f4 Re1 44. e6 b1=Q+ 45. Rxb1 Rxb1 46. h5 Rb5+ 47.
Ke4 Kc4 48. e7 Rb8 49. Ke5 Kc5 50. h6 gxh6 51. f5 Kc6 52. Ke6 Kc7 53. f6 Rg8 54.
Kf7 {Black resigns} 1-0

[Event "Team 45 45 League T59"]
[Site "Internet Chess Club"]
[Date "2013.11.30"]
[Round "2"]
[White "niceshot"]
[Black "universe"]
[Result "0-1"]
[WhiteElo "2031"]
[BlackElo "2273"]
[Opening "Ruy Lopez: closed, Breyer, Borisenko variation"]
[ECO "C95"]
[Time "12:03:55"]
[TimeControl "2700+45"]

1. e4 e5 2. Nf3 Nc6 3. Bb5 a6 4. Ba4 Nf6 5. O-O Be7 6. Re1 b5 7. Bb3 O-O 8. c3
d6 9. h3 Nb8 10. d4 Nbd7 11. Nbd2 Bb7 12. Bc2 Re8 13. Nf1 Bf8 14. Ng3 g6 15. a4
c5 16. d5 c4 17. Bg5 h6 18. Be3 Nc5 19. Qd2 h5 20. Bg5 Be7 21. Bh6 Nh7 22. Ra3
Rb8 23. Rea1 Bc8 24. axb5 axb5 25. Ra7 Bb7 26. R1a5 Qb6 27. Qe3 Bf8 28. Nh4 Bxh6
29. Qxh6 Qd8 30. Nxg6 Qf6 31. Rxb5 fxg6 32. Rb4 Qg5 33. Qxg5 Nxg5 34. h4 Nf7 35.
Rxc4 Ra8 36. Rxa8 Rxa8 37. b4 Ba6 38. Rxc5 dxc5 39. bxc5 Bc4 40. f3 Ra2 {White
resigns} 0-1

[Event "Team 45 45 League T59"]
[Site "Internet Chess Club"]
[Date "2013.12.02"]
[Round "2"]
[White "Barrett-CCSCSL"]
[Black "steadman"]
[Result "0-1"]
[WhiteElo "2114"]
[BlackElo "2152"]
[Opening "King's Indian: 4.e4"]
[ECO "E70"]
[Time "20:00:22"]
[TimeControl "2700+45"]

1. d4 Nf6 2. c4 g6 3. Nc3 Bg7 4. e4 d6 5. Bd3 O-O 6. Nge2 Nc6 7. f3 e5 8. d5 Nd4
9. Bg5 c5 10. Qd2 a6 11. Rb1 Rb8 12. O-O Qc7 13. Nxd4 exd4 14. Ne2 Nd7 15. f4 b5
16. b3 Re8 17. Rbe1 Nf6 18. Bxf6 Bxf6 19. Ng3 Bd7 20. f5 Qd8 21. Qf4 Be5 22. Qf2
Rf8 23. Qf3 bxc4 24. Bxc4 Bb5 25. Qg4 Bxc4 26. bxc4 Rb2 27. Rd1 Rxa2 28. Rd3 Qd7
29. Qh4 Rb8 30. Rdf3 Rbb2 31. R3f2 Rxf2 32. Rxf2 Rxf2 33. Kxf2 Qa4 34. Qd8+ Kg7
35. f6+ Bxf6 36. Qxd6 Qc2+ 37. Kf3 Qd3+ 38. Kg4 Qe3 39. Qxc5 h5+ 40. Kh3 Qf4 41.
Nxh5+ gxh5 42. g3 Qf1# {White checkmated} 0-1

[Event "Team 45 45 League T59"]
[Site "Internet Chess Club"]
[Date "2013.12.02"]
[Round "2"]
[White "Pomberito"]
[Black "TerryMalloy"]
[Result "1/2-1/2"]
[WhiteElo "2103"]
[BlackElo "2021"]
[Opening "Four knights: Scotch, 4...exd4"]
[ECO "C47"]
[Time "17:09:25"]
[TimeControl "2700+45"]

1. e4 e5 2. Nf3 Nf6 3. Nc3 Nc6 4. d4 exd4 5. Nxd4 Bb4 6. Nxc6 bxc6 7. Bd3 O-O 8.
O-O d5 9. exd5 cxd5 10. h3 h6 11. Qf3 Re8 12. Bf4 c6 13. a3 Bd6 14. Ne2 Rb8 15.
b4 Qc7 16. Bxh6 Nd7 17. Bf4 Ne5 18. Bxe5 Bxe5 19. Rab1 g6 20. h4 Bd7 21. h5 Kg7
22. Ng3 Rh8 23. hxg6 fxg6 24. Rfe1 Rbf8 25. Qe3 Bf6 26. Qc5 Qf4 {Game drawn by
mutual agreement} 1/2-1/2

[Event "Team 45 45 League T59"]
[Site "Internet Chess Club"]
[Date "2013.11.29"]
[Round "2"]
[White "chess9397"]
[Black "Baseta"]
[Result "1-0"]
[WhiteElo "1837"]
[BlackElo "1806"]
[Opening "French: Rubinstein variation"]
[ECO "C03"]
[Time "14:01:51"]
[TimeControl "2700+45"]

1. e4 e6 2. d4 d5 3. Nd2 dxe4 4. Nxe4 Nd7 5. Nf3 Be7 6. Bc4 Ngf6 7. Nxf6+ Nxf6
8. Be3 O-O 9. O-O b6 10. Ne5 Bb7 11. Qe2 Nd5 12. Ba6 Bxa6 13. Qxa6 Bd6 14. Qe2
c5 15. Rad1 Qh4 16. g3 Qe7 17. c4 f5 18. cxd5 f4 19. Bxf4 Rxf4 20. gxf4 Rf8 21.
Qg4 Rf6 22. Kh1 h5 23. Qg5 cxd4 24. Rxd4 exd5 25. Rg1 Bc5 26. Rd2 d4 27. Re2
Qb7+ 28. f3 d3 29. Qxf6 Bxg1 30. Qe6+ Kh7 31. Rg2 Be3 32. Qg6+ Kg8 33. Qe8+ Kh7
34. Nf7 {Black resigns} 1-0